 Dungeon Crawl Stone Soup version 0.20.1-1-g8b1a95d (webtiles) character file.

580 polve the Destroyer (level 7, 0/50 HPs)
             Began as a Purple Draconian Conjurer on July 8, 2017.
             Slain by an iguana (12 damage)
             ... on level 5 of the Dungeon.
             The game lasted 00:06:46 (6457 turns).

polve the Destroyer (Purple Draconian Conjurer)     Turns: 6457, Time: 00:06:47

Health: 0/50       AC:  6    Str: 15    XL:     7   Next: 13%
Magic:  2/10       EV: 12    Int: 17    God:
Gold:   210        SH:  0    Dex: 12    Spells: 3/10 levels left

rFire    . . .     SeeInvis .   (no weapon)
rCold    . . .     Gourm    .   (no shield)
rNeg     . . .     Faith    .   (armour unavailable)
rPois    .         Spirit   .   (helmet restricted)
rElec    .         Reflect  .   (no cloak)
rCorr    .         Harm     .   (no gloves)
MR       +....                  (no boots)
Stlth    ++........             (no amulet)
Regen    0.2/turn               (no ring)
MPRegen  0.2/turn               (no ring)

@: mighty, about to teleport, short of breath
A: breathe power, unfitting armour, cold-blooded, AC +6
a: Breathe Dispelling Energy


You were on level 5 of the Dungeon.
You were hungry.

You visited 2 branches of the dungeon, and saw 6 of its levels.

You collected 210 gold pieces.

Inventory:

Jewellery
 d - an uncursed ring of protection from fire {unknown}
 h - a cursed ring of teleportation {unknown}
Scrolls
 c - a scroll of enchant weapon
 i - a scroll of enchant armour {unknown}
 j - a scroll of blinking {unknown}
 l - 4 scrolls of identify {unknown}
 n - a scroll of fear {unknown}
 o - 3 scrolls of random uselessness {unknown}
Potions
 g - a potion of haste
 k - 2 potions of might
 m - 2 potions of mutation {unknown}
 q - a potion of flight {unknown}
Books
 a - a book of Conjurations

   Spells                             Type                      Level
   a - Magic Dart                     Conjuration                  1
   b - Searing Ray                    Conjuration                  2
   c - Dazzling Spray                 Conjuration/Hexes            3
   d - Fulminant Prism                Conjuration/Hexes            4
   e - Force Lance                    Conjuration/Translocation    4
   f - Iskenderun's Mystic Blast      Conjuration                  4
Comestibles
 b - 2 bread rations
 f - a meat ration
 r - 2 royal jellies


   Skills:
 - Level 1.7 Dodging
 - Level 1.7 Stealth
 - Level 2.4 Spellcasting
 + Level 8.7 Conjurations


You had 3 spell levels left.
You knew the following spells:

 Your Spells              Type           Power        Failure   Level  Hunger
a - Magic Dart            Conj           ####         1%          1    #......
b - Searing Ray           Conj           ####..       1%          2    ##.....
c - Iskenderun's Mystic   Conj           ####....     4%          4    #####..


Dungeon Overview and Level Annotations

Branches:
Dungeon (5/15)             Temple (1/1) D:4

Altars:
Cheibriados
Elyvilon
Gozag
Kikubaaqudgha
Nemelex Xobeh
Okawaru
Qazlal
Ru
Sif Muna
Trog
Uskayaw
Vehumet
Yredelemnul
Zin
The Shining One


Innate Abilities, Weirdness & Mutations

You can breathe bolts of dispelling energy.
Your rich purple scales are hard. (AC +6)
You cannot fit into any form of body armour.
You are cold-blooded and may be slowed by cold attacks.


Message History

The hound is severely wounded.
The hound bites you.
* * * LOW HITPOINT WARNING * * *
The searing ray hits the hound.
You kill the hound!
You see here a whip.
An ice beast comes into view.
As you read the scroll of teleportation, it crumbles to dust.
You feel strangely unstable. The iguana completely misses you.
You feel better. The ice beast closely misses you. The iguana bites you.
* * * LOW HITPOINT WARNING * * *
Casting: Searing Ray
Confirm with . or Enter, or press ? or * to list all spells.
Okay, then.
It was a potion of might.
You feel very mighty all of a sudden.
The ice beast hits you but does no damage.
The iguana bites you!
You die...

###
###@#
#ol#Y#
#g###..
#o.#
###
#.#.#
#g###
#.# ###
#†# ...
###
#.###.#
....


You could see an orc warrior, an ice beast, an iguana, an orc wizard and a
gnoll.

Vanquished Creatures
  An ogre (D:4)
  A centaur (D:5)
  A crimson imp (D:5)
  2 hounds
  An orc wizard (D:4)
  Jessica (D:2)
  Terence (D:2)
  2 iguanas (D:4)
  Robin (D:3)
  8 adders
  2 worms
  3 dart slugs
  3 leopard geckos
  8 orcs
  5 giant cockroaches
  11 goblins
  8 hobgoblins
  4 jackals (D:1)
  9 kobolds
  A quokka (D:4)
  A ball python (D:2)
  8 bats
  4 frilled lizards
  2 leopard gecko skeletons (D:4)
  13 rats
101 creatures vanquished.

Notes
Turn   | Place    | Note
-------+----------+-------------------------------------------
     0 | D:1      | polve the Draconian Conjurer began the quest for the Orb.
     0 | D:1      | Reached XP level 1. HP: 14/14 MP: 3/3
     6 | D:1      | Noticed a water moccasin
     6 | D:1      | Noticed a swamp drake
     7 | D:1      | Noticed a black bear
     7 | D:1      | Noticed a lindwurm
   566 | D:1      | Reached XP level 2. HP: 18/20 MP: 1/5
   709 | D:1      | Learned a level 2 spell: Searing Ray
  1203 | D:1      | Reached skill level 5 in Conjurations
  1203 | D:1      | Reached XP level 3. HP: 10/26 MP: 1/6
  1753 | D:1      | HP: 1/26 [worm (11)]
  1846 | D:2      | Noticed Jessica
  2035 | D:2      | Killed Jessica
  2035 | D:2      | Reached XP level 4. HP: 20/33 MP: 0/7
  2357 | D:2      | Noticed Terence
  2400 | D:2      | Killed Terence
  2400 | D:2      | Reached skill level 6 in Conjurations
  2913 | D:2      | Reached XP level 5. HP: 32/38 MP: 8/8
  3375 | D:3      | Noticed Robin
  3446 | D:3      | HP: 1/38 [hobgoblin/club[Robin] (6)]
  3455 | D:3      | Killed Robin
  3868 | D:3      | Reached skill level 7 in Conjurations
  4614 | D:4      | Learned a level 4 spell: Iskenderun's Mystic Blast
  4672 | D:4      | Found an ancient bone altar of Kikubaaqudgha.
  4717 | D:4      | Found a radiant altar of Vehumet.
  4821 | D:4      | Found a hide-covered altar of Uskayaw.
  4825 | D:4      | Noticed an ogre
  4832 | D:4      | Killed an ogre
  4832 | D:4      | Reached XP level 6. HP: 45/45 MP: 1/9
  4940 | D:4      | Found a staircase to the Ecumenical Temple.
  5319 | D:4      | Reached skill level 8 in Conjurations
  5965 | D:5      | Entered Level 5 of the Dungeon
  5988 | D:5      | Your scales start taking on a rich purple colour.
  5988 | D:5      | Reached XP level 7. HP: 25/50 MP: 3/10
  6180 | Temple   | Entered the Ecumenical Temple
  6457 | D:5      | Slain by an iguana

Skill      XL: |  1  2  3  4  5  6 |
---------------+-------------------+-----
Conjurations   | 5 6 7 8 |  8.7
Dodging        | |  1.7
Stealth        | |  1.7
Spellcasting   | |  2.4

Action                   |  1- 3 |  4- 6 |  7- 9 || total
-------------------------+-------+-------+-------++-------
Melee: Unarmed           |    82 |   108 |     3 ||   193
       Tailslap          |    10 |    11 |       ||    21
       Hand axe          |     1 |       |       ||     1
 Cast: Magic Dart        |    67 |   164 |    15 ||   246
       Searing Ray       |       |     1 |     2 ||     3
 Abil: Breathe Dispellin |       |       |     1 ||     1
  Use: Scroll            |     5 |       |     1 ||     6
       Potion            |       |     4 |     2 ||     6
 Stab: Sleeping          |     1 |       |       ||     1
  Eat: Chunk             |     5 |    15 |     1 ||    21
Armor: Skin              |    65 |    40 |     3 ||   108
Dodge: Dodged            |   114 |   115 |    12 ||   241
